 Dungeon Crawl Stone Soup version 0.30.1-3-gfc49f6343a (webtiles) character file.

Game seed: 9350017498115428512

16207 monsoonserge the Grappler (level 12, -4/122 HPs)
             Began as a Troll Fighter on Aug 7, 2023.
             Was a High Priest of Wu Jian.
             Slain by a sixfirhy (10 damage)
             ... summoned by an orc sorcerer
             ... on level 2 of the Orcish Mines on Aug 8, 2023.
             The game lasted 00:29:42 (8907 turns).

monsoonserge the Grappler (Troll Fighter)           Turns: 8907, Time: 00:29:43

Health: -4/122     AC:  8    Str: 27    XL:     12   Next: 8%
Magic:  11/11      EV:  9    Int:  8    God:    Wu Jian [*****.]
Gold:   1216       SH: 10    Dex:  9    Spells: 11/11 levels left

rFire   . .          .
                       - Unarmed
rCold   . . .        b - +0 kite shield
rNeg    . . .        Y - +0 troll leather armour
rPois   .            m - +1 hat
rElec   .            n - +0 cloak
rCorr   .            (gloves unavailable)
SInv    .            (boots unavailable)
Will    .....        a - amulet of regeneration
Stlth   +            f - +4 ring of slaying
HPRegen 2.80/turn    r - +4 ring of slaying
MPRegen 0.12/turn

%: no passive effects
@: about to teleport
A: large, unfitting armour, claws 3, regeneration 1, shaggy fur 1, tough skin 1
a: Renounce Religion, Wall Jump, Serpent's Lash, Heavenly Storm


You were on level 2 of the Orcish Mines.
You worshipped Wu Jian.
Wu Jian was extremely pleased with you.
You visited 3 branches of the dungeon, and saw 14 of its levels.
You also visited: Sewer.

You collected 1252 gold pieces.
You spent 36 gold pieces at shops.

Inventory:

Hand Weapons
 C - a +0 longbow
Missiles
 d - 12 javelins
 j - 68 poisoned darts (quivered)
 D - 2 curare-tipped darts
 F - 14 boomerangs
 Q - 2 throwing nets
 X - 4 large rocks
Armour
 b - a +0 kite shield (worn)
 m - a +1 hat (worn)
 n - a +0 cloak (worn)
 s - the +0 robe of Greed {rCorr Dex+2 SInv}
   (You found it on level 4 of the Dungeon)

   Dex:       It affects your dexterity (+2).
   SInv:      It lets you see invisible.
   rCorr:     It protects you from acid and corrosion.
 R - +0 steam dragon scales
 Y - a +0 troll leather armour (worn)
 Z - a +2 robe of willpower
Magical Staves
 G - a staff of fire
Jewellery
 a - an amulet of regeneration (around neck)
 f - a +4 ring of slaying (left claw)
 r - a +4 ring of slaying (right claw)
 T - a +6 ring of strength
Wands
 y - a wand of light (11)
 J - a wand of mindburst (7)
 L - a wand of flame (42)
 S - a wand of roots (3)
 U - a wand of charming (14)
Scrolls
 e - 8 scrolls of identify {unknown}
 g - a scroll of amnesia {unknown}
 o - 3 scrolls of enchant armour {unknown}
 w - 3 scrolls of teleportation
 x - 3 scrolls of fog {unknown}
 B - a scroll of immolation {unknown}
 E - a scroll of silence {unknown}
 H - 2 scrolls of fear {unknown}
 I - a scroll of magic mapping {unknown}
 M - a scroll of poison {unknown}
 N - a scroll of enchant weapon {unknown}
 P - 4 scrolls of blinking {unknown}
 V - a scroll of noise {unknown}
 W - a scroll of torment {unknown}
Potions
 c - 2 potions of might
 h - 5 potions of invisibility
 i - 6 potions of attraction {unknown}
 k - 4 potions of heal wounds {unknown}
 l - 3 potions of flight {unknown}
 p - 2 potions of degeneration {unknown}
 q - 5 potions of haste
 t - 4 potions of brilliance {unknown}
 u - 3 potions of lignification {unknown}
 v - 7 potions of curing
 z - 3 potions of magic {unknown}
 A - 2 potions of mutation {unknown}
 K - a potion of ambrosia {unknown}
 O - a potion of cancellation {unknown}


   Skills:
 + Level 8.6 Fighting
 + Level 4.6 Dodging
 + Level 9.4 Shields
 * Level 13.7 Unarmed Combat


You had 11 spell levels left.
You didn't know any spells.
Your spell library contained the following spells:

 Spells                   Type           Power      Damage    Failure   Level
 Summon Small Mammal      Summ           0%         N/A       63%         1
 Cigotuvi's Dreadful Rot  Necr/Pois/Air  0%         N/A       77%         2
 Ensorcelled Hibernation  Hex/Ice        0%         N/A       77%         2
 Passwall                 Tmut/Erth      0%         N/A       77%         2
 Call Canine Familiar     Summ           0%         N/A       94%         3
 Dazzling Flash           Conj/Hex       0%         N/A       94%         3
 Ignite Poison            Fire/Tmut/Pois 0%         N/A       94%         3
 Portal Projectile        Hex/Tloc       0%         N/A       94%         3
 Spider Form              Tmut/Pois      0%         N/A       94%         3
 Summon Guardian Golem    Hex/Summ       0%         N/A       94%         3
 Swiftness                Air            0%         N/A       94%         3
 Tukima's Dance           Hex            0%         N/A       94%         3
 Anguish                  Hex/Necr       0%         N/A       100%        4
 Agony                    Necr           0%         N/A       100%        5
 Blade Hands              Tmut           0%         N/A       100%        5
 Freezing Cloud           Conj/Ice/Air   0%         6-21      100%        5
 Silence                  Hex/Air        0%         N/A       100%        5


Dungeon Overview and Level Annotations

Branches:
Dungeon (11/15)            Temple (1/1) D:4             Orc (2/2) D:9
  Sewer (visited)
   Lair: D:8-11         Elf: Orc:2

Altars:
Ashenzari
Cheibriados
Dithmenos
Elyvilon
Fedhas
Gozag
Hepliaklqana
Kikubaaqudgha
Makhleb
Nemelex Xobeh
Okawaru
Qazlal
Ru
Sif Muna
Trog
Uskayaw
Vehumet
Wu Jian
Xom
Yredelemnul
Zin
The Shining One

Shops:
D:4 ?   D:10 =   Orc:2 *

Annotations:
Orc:2 3 runed translucent doors, turdburglar's ghost, journeyman GnWn


Innate Abilities, Weirdness & Mutations

You are too large for most types of armour.
You have claws for hands.
Your natural rate of healing is unusually fast.
You are covered in fur. (AC +1)
You have tough skin. (AC +1)


Message History

Okay, then.
Okay, then.
Press: ? - help, v - describe, . - travel
Here: a sixfirhy (summoned)
The floor.
Press: ? - help, v - describe, . - travel
Here: a soul eater (summoned)
The floor.
Okay, then.
As you read the scroll of teleportation, it crumbles to dust.
You feel strangely unstable. You block the orc sorcerer's attack.
The orc high priest invokes the aid of Beogh against you.
Beogh smites you!
The orc knight roars a battlecry!
The orc knight goes into a battle-frenzy!
The orc knight hits you with a +0 battleaxe.
The soul eater draws from the surrounding life force!
You hear a shout!
Unknown command.
You claw the orc sorcerer!
The orc sorcerer is moderately wounded.
The orc sorcerer hits you with a +0 dagger.
You block the orc knight's attack.
The orc priest looks braver for a moment.
Unknown command.
You claw the orc sorcerer!
The orc sorcerer is severely wounded.
The sixfirhy hits you. The sixfirhy shocks you! The sixfirhy hits you.
The sixfirhy shocks you!
An orc wizard comes into view.
It is wielding a +0 dagger and wearing a +2 robe of willpower.
The orc sorcerer gestures at you while chanting.
The bolt of fire hits you!!
The orc knight hits you with a +0 battleaxe!!
* * * LOW HITPOINT WARNING * * *
You spin and attack the orc knight.
You closely miss the orc knight.
The orc knight is heavily wounded.
The sixfirhy hits you!
* * * LOW HITPOINT WARNING * * *
The sixfirhy shocks you!
You die...

##.... ###. ...÷..
#. ##...o.. ##.
##4÷.÷... #..
#.ooo.÷ ##. ##3oo#
##. #.oo# #####..
#3o)## ##...#..
#.@).### ........
##..)).#####.....#.
##...)...........#
##..)...........#
###.............
...##............
..................
.................[
.................[


You could see 2 orc knights, a soul eater (summoned), an ice devil (summoned), a
sixfirhy (summoned), 2 orc sorcerers, 2 orc warriors, an orc priest (strong) and
2 orc wizards.

Vanquished Creatures
  Erolcha (D:11)
  A boulder beetle (D:9)
  3 two-headed ogres
  An orc high priest (Orc:2)
  2 orc knights (Orc:2)
  2 orc sorcerers
  2 cyclopes
  3 trolls
  A hornet (D:9)
  Grinder (D:4)
  A wraith (D:8)
  5 yaks (D:11)
  Grum (D:9)
  2 steam dragons
  7 wyverns
  2 vampire mosquitoes (D:11)
  2 wargs
  A water moccasin (D:7)
  A swamp drake (D:10)
  3 ice beasts
  3 black bears
  5 sky beasts
  17 orc warriors
  5 ogres
  2 wolves (D:9)
  The ghost of Drunn the Digger, an amateur DsEE (D:3)
  2 centaurs (D:10)
  A phantom (D:4)
  8 kobold brigands
  4 bullfrogs
  A gnoll sergeant (D:8)
  2 scorpions (D:6)
  5 killer bees (D:9)
  A howler monkey (D:4)
  A crimson imp (D:10)
  2 jellies
  An iron imp (D:10)
  7 hounds
  14 orc priests
  4 iguanas
  15 orc wizards
  A river rat (D:5)
  7 adders
  14 gnolls
  2 shadow imps
  2 white imps
  3 worms
  2 dart slugs
  59 orcs
  A bat (D:2)
  13 endoplasms
  4 giant cockroaches
  9 goblins
  4 hobgoblins
  9 jackals
  5 quokkas
  13 ball pythons
  3 frilled lizards
  19 kobolds
  13 rats
326 creatures vanquished.

Vanquished Creatures (others)
  2 orcs (D:9)
2 creatures vanquished.

Grand Total: 328 creatures vanquished

Notes
Turn   | Place    | Note
-------+----------+-------------------------------------------
     0 | D:1      | monsoonserge the Troll Fighter began the quest for the Orb.
     0 | D:1      | Reached XP level 1. HP: 22/22 MP: 0/0
   239 | D:1      | Reached XP level 2. HP: 29/29 MP: 1/1
   731 | D:1      | Reached XP level 3. HP: 36/36 MP: 2/2
   854 | D:2      | Found a faded altar of an unknown god.
   884 | D:2      | Reached skill level 3 in Unarmed Combat
  1664 | D:3      | Reached XP level 4. HP: 44/44 MP: 3/3
  1747 | D:3      | Found a large runed translucent door.
  1748 | D:3      | Found a large runed translucent door.
  1750 | D:3      | Noticed Drunn's ghost (amateur DsEE)
  1933 | D:3      | Noticed a bullfrog
  1940 | D:3      | Killed a bullfrog
  1941 | D:3      | Reached skill level 4 in Unarmed Combat
  1941 | D:3      | Reached XP level 5. HP: 53/53 MP: 4/4
  2070 | D:3      | Found a bloodstained altar of Trog.
  2074 | D:3      | Found a basalt altar of Yredelemnul.
  2077 | D:3      | Found an ancient bone altar of Kikubaaqudgha.
  2078 | D:3      | Found a sacrificial altar of Ru.
  2079 | D:3      | Found a broken altar of Ashenzari.
  2079 | D:3      | Found an ornate altar of the Wu Jian Council.
  2079 | D:3      | Found a hide-covered altar of Uskayaw.
  2079 | D:3      | Found a stormy altar of Qazlal.
  2079 | D:3      | Found a white marble altar of Elyvilon.
  2080 | D:3      | Found a sparkling altar of Nemelex Xobeh.
  2081 | D:3      | Found a radiant altar of Vehumet.
  2082 | D:3      | Found a burning altar of Makhleb.
  2083 | D:3      | Found a glowing silver altar of Zin.
  2084 | D:3      | Found a blossoming altar of Fedhas.
  2087 | D:3      | Became a worshipper of the Wu Jian Council
  2148 | D:4      | Identified the +0 robe of Greed {rCorr Dex+2 SInv}
  2360 | D:4      | Noticed a phantom
  2367 | D:4      | Killed a phantom
  2368 | D:4      | Reached XP level 6. HP: 61/61 MP: 5/5
  2397 | D:4      | Reached skill level 5 in Unarmed Combat
  2428 | D:4      | Noticed Grinder
  2435 | D:4      | Killed Grinder
  2436 | D:4      | Reached XP level 7. HP: 62/68 MP: 6/6
  2518 | D:4      | Reached * piety under Wu Jian
  2553 | D:4      | Found a staircase to the Ecumenical Temple.
  2582 | Temple   | Entered the Ecumenical Temple
  2773 | D:4      | Reached skill level 6 in Unarmed Combat
  2800 | D:4      | Found Daepy's Magic Scroll Boutique.
  2806 | D:4      | Bought a scroll of teleportation for 36 gold pieces
  2936 | D:4      | Found a snail-covered altar of Cheibriados.
  3258 | D:5      | Entered Level 5 of the Dungeon
  3291 | D:5      | Found a glowing drain.
  3332 | Sewer    | Entered a sewer
  3431 | Sewer    | Reached ** piety under Wu Jian
  3552 | Sewer    | Reached skill level 5 in Shields
  3552 | Sewer    | Reached XP level 8. HP: 74/79 MP: 7/7
  3557 | Sewer    | Reached skill level 7 in Unarmed Combat
  3785 | D:5      | Reached skill level 5 in Fighting
  3791 | D:5      | Reached skill level 8 in Unarmed Combat
  4338 | D:6      | Reached *** piety under Wu Jian
  4396 | D:6      | You fall into a shaft and drop 2 floors!
  4483 | D:7      | Reached XP level 9. HP: 72/88 MP: 8/8
  4547 | D:7      | Reached skill level 9 in Unarmed Combat
  5143 | D:6      | Identified the +1 leather armour of Action {Will+}
  5302 | D:3      | Killed Drunn's ghost
  5681 | D:8      | Reached skill level 10 in Unarmed Combat
  5807 | D:8      | Reached **** piety under Wu Jian
  5932 | D:8      | Reached XP level 10. HP: 96/100 MP: 9/9
  6035 | D:8      | Noticed a two-headed ogre
  6040 | D:8      | Killed a two-headed ogre
  6176 | D:9      | Noticed a two-headed ogre
  6205 | D:9      | Found a shimmering blue altar of Sif Muna.
  6240 | D:9      | Reached skill level 11 in Unarmed Combat
  6253 | D:9      | Noticed a boulder beetle
  6356 | D:9      | Noticed Grum
  6377 | D:9      | Killed Grum
  6436 | D:9      | Killed a two-headed ogre
  6510 | D:9      | Found a staircase to the Orcish Mines.
  6673 | D:9      | Paralysed by a hornet for 3 turns
  6790 | D:9      | Reached skill level 12 in Unarmed Combat
  6937 | D:10     | Entered Level 10 of the Dungeon
  7265 | D:10     | Found Tuewn's Jewellery Shop.
  7326 | D:10     | Reached XP level 11. HP: 109/109 MP: 10/10
  7847 | D:10     | Noticed a five-headed hydra
  7908 | D:11     | Noticed Erolcha
  7915 | D:11     | Killed Erolcha
  7915 | D:11     | Reached ***** piety under Wu Jian
  7938 | D:11     | Noticed a two-headed ogre
  7947 | D:11     | Killed a two-headed ogre
  8045 | D:9      | Killed a boulder beetle
  8052 | Orc:1    | Entered Level 1 of the Orcish Mines
  8073 | Orc:1    | Noticed an orc sorcerer
  8080 | Orc:1    | Reached skill level 13 in Unarmed Combat
  8083 | Orc:1    | Killed an orc sorcerer
  8273 | Orc:2    | Entered Level 2 of the Orcish Mines
  8371 | Orc:2    | Noticed an orc knight
  8387 | Orc:2    | Killed an orc knight
  8690 | Orc:2    | Found Feghejil's Assorted Antiques.
  8724 | Orc:1    | Noticed an orc sorcerer
  8726 | Orc:1    | Noticed an orc knight
  8775 | Orc:2    | Noticed turdburglar's ghost (journeyman GnWn)
  8779 | Orc:2    | Found a runed translucent gate.
  8779 | Orc:2    | Found a runed translucent gate.
  8779 | Orc:2    | Found a runed translucent gate.
  8861 | Orc:2    | Noticed an orc knight
  8866 | Orc:2    | Noticed an orc sorcerer
  8869 | Orc:2    | Killed an orc knight
  8869 | Orc:2    | Paralysed by an orc sorcerer for 2 turns
  8875 | Orc:2    | Killed an orc sorcerer
  8876 | Orc:2    | Reached XP level 12. HP: 112/122 MP: 11/11
  8885 | Orc:2    | Noticed an orc high priest
  8891 | Orc:2    | Killed an orc high priest
  8902 | Orc:2    | Noticed an orc high priest
  8902 | Orc:2    | Noticed an orc high priest
  8907 | Orc:2    | HP: 6/122 [sixfirhy[an orc sorcerer] (11)]
  8907 | Orc:2    | Slain by a sixfirhy

Illustrated notes

Levels and vault maps discovered:
D:1:      dpeg_arrival_refuge, layout_loops_corners
D:2:      layout_loops_ring, shapermc_ecumenical_altar_totnotflames,
          serial_bayou_pond_a
D:3:      layout_rooms, minitemple, ebering_ghost_disaster_area, serial_curves,
          eino_curves_03, eino_curves_04
D:4:      layout_cave_pods, chei_slow_surprise, minmay_temple_entry_tees,
          serial_shops, nicolae_shop_peninsula, uniq_grinder
D:5:      layout_basic, cheibrodos_sewer_entry_sluice
D:6:      minmay_razor_zed, layout_basic
D:7:      layout_rooms, grunt_decor_mini_mirrors
D:8:      layout_basic
D:9:      layout_loops_ring, mainiacjoe_overflow_catwalk, erik_orc_4, uniq_grum
D:10:     layout_stronghold, serial_shops, shop, hangedman_minor_magic
D:11:     layout_big_octagon, david_lair_shrubbed, nzn_hepliaklqana_mist_gate,
          uniq_erolcha
Temple:   hellmonk_temple_flake
Orc:1:    layout_diamond_mine
Orc:2:    grunt_orc_tribal_feast, layout_caves, basic_altar,
          gammafunk_ghost_split, serial_shops, nicolae_shop_back_alley_shop,
          nicolae_orc_lost_temple

Skill      XL: |  1  2  3  4  5  6  7  8  9 10 11 |
---------------+----------------------------------+-----
Shields        | 3 4 5 6 7 8 9 |  9.4
Unarmed Combat | 3 4 5 6 8 10 12 13 | 13.7
Fighting       | 3 4 5 6 7 8 |  8.6
Dodging        | 4 |  4.6

Action                     |  1- 3 |  4- 6 |  7- 9 | 10-12 || total
---------------------------+-------+-------+-------+-------++-------
  Melee: Unarmed           |    99 |    66 |   268 |   393 ||   826
  Throw: Javelin           |       |     2 |       |       ||     2
         Dart              |       |       |       |     2 ||     2
Ability: Lunge             |       |     6 |    41 |    36 ||    83
         Whirlwind         |       |       |    62 |   133 ||   195
    Use: Potion            |       |       |       |     3 ||     3
         Scroll            |       |       |       |     1 ||     1
   Stab: Sleeping          |       |       |     4 |       ||     4
 Armour: Robe              |    26 |    15 |    42 |    11 ||    94
         Steam dragon scal |       |       |       |    38 ||    38
         Troll leather arm |       |       |       |     6 ||     6
  Dodge: Dodged            |    27 |    19 |    50 |    77 ||   173
  Block: Kite shield       |    34 |    26 |    82 |   113 ||   255
